 Dungeon Crawl Stone Soup version 0.23-a0-319-gb40ba49 (webtiles) character file.

42 Amnesiac the Digger (level 3, -2/14 HPs)
             Began as a Felid Earth Elementalist on Oct 15, 2018.
             Slain by a jackal (3 damage)
             ... on level 4 of the Dungeon.
             The game lasted 00:03:42 (930 turns).

Amnesiac the Digger (Felid Earth Elementalist)       Turns: 930, Time: 00:03:42

Health: -2/14      AC:  1    Str:  6 (9)  XL:     3   Next: 33%
Magic:  7/7        EV: 18    Int: 14 (17) God:
Gold:   25         SH:  0    Dex: 15 (16) Spells: 3/6 levels left
                                        Lives:  0   Deaths: 0

rFire    . . .     SeeInvis +   (weapon unavailable)
rCold    . . .     Gourm    .   (shield unavailable)
rNeg     . . .     Faith    .   (armour unavailable)
rPois    .         Spirit   .   (helmet unavailable)
rElec    .         Reflect  .   (cloak unavailable)
rCorr    .         Harm     .   (gloves unavailable)
MR       .....                  (boots unavailable)
Stlth    +++.......             (no amulet)
HPRegen  0.04/turn              (no ring)
MPRegen  0.10/turn              (no ring)

@: mighty, hasted, very quick
A: very small, no armour, no weapons or thrown items, stealth, claws 1, fangs 3,
see invisible, carnivore, speed 1, shaggy fur 1, slow metabolism 1, sharp paws
a: no special abilities


You were on level 4 of the Dungeon.
You were very full.

You visited 1 branch of the dungeon, and saw 4 of its levels.

You collected 25 gold pieces.

Inventory:

Missiles
 b - 27 stones
Scrolls
 d - 3 scrolls of identify {!r, unknown}
 g - a scroll of enchant weapon {!r, unknown}
 h - a scroll of immolation {!r, unknown}
Potions
 a - a potion of haste {!q}
Comestibles
 c - 2 rations


   Skills:
 - Level 2.6 Dodging
 + Level 3.4 Stealth
 + Level 2.4 Spellcasting
 - Level 1.1 Transmutations
 * Level 3.4 Earth Magic


You had 3 spell levels left.
You knew the following spells:

 Your Spells              Type           Power        Failure   Level  Hunger
a - Sandblast             Erth           ##....       5%          1    #......
b - Passwall              Tmut/Erth      #.......     14%         2    ###....

Your spell library contained the following spells:

 Spells                   Type           Power        Failure   Level  Hunger
 Stone Arrow              Conj/Erth      #.....       32%         3    ###....
 Petrify                  Tmut/Erth      #.......     65%         4    #####..
 Lee's Rapid Deconstruct  Erth           ##........   83%         5    ######.


Dungeon Overview and Level Annotations

Branches:
Dungeon (4/15)
 Temple: D:4-7

Altars:
Ru
Xom
Zin

Shops:
D:4 [

Annotations:
D:4 Duvessa


Innate Abilities, Weirdness & Mutations

You cannot wear armour.
You are incapable of wielding weapons or throwing items.
Your paws allow you to move quietly. (Stealth)
You have sharp claws.
You have razor-sharp teeth.
You have supernaturally acute eyesight. (SInv)
You are carnivorous and can eat meat at any time.
You cover ground quickly.
You are covered in fur. (AC +1)
You have a slow metabolism.
Your sharp claws are effective at attacking unaware monsters.


Message History

Found a scroll labeled UTOAZI GOZXA.
The orc wizard gestures wildly while chanting.
The orc wizard blinks!
Found 16 gold pieces.
Found a scroll labeled HUQOMM FONGU.
Found a pair of gloves.
There is a stone staircase leading down here.
You see here 16 gold pieces.
The jackal barely misses you.
An adder comes into view.
The adder hisses angrily.
A quokka skeleton comes into view.
Casting: Sandblast (safe; 4% risk of failure)
Confirm with . or Enter, or press ? or * to list all spells.
Aiming: Sandblast (safe; 4% risk of failure)
Press: ? - help, Shift-Dir - straight line, f - jackal
Aim: a jackal The blast of sand misses the jackal.
b - 27 stones The adder closely misses you.
The jackal closely misses you. The adder bites you.
The jackal closely misses you.
The orc wizard casts a spell.
The orc wizard blinks!
The jackal closely misses you. The jackal misses you. x2
Okay, then.
Unknown command.
The jackal closely misses you.
The orc wizard casts a spell.
The orc wizard blinks!
You scratch the quokka skeleton.
The quokka skeleton is moderately damaged.
The adder misses you.
The orc wizard casts a spell.
The orc wizard seems to speed up.
The quokka skeleton misses you. The quokka skeleton barely misses you.
The jackal barely misses you. The orc wizard misses you.
Found a stone staircase leading down.
The orc wizard hits you with a dagger of holy wrath.
* * * LOW HITPOINT WARNING * * *
The orc wizard points at you and mumbles some strange words.
The magic dart hits you!
* * * LOW HITPOINT WARNING * * *
An adder comes into view.
The quokka skeleton bites you but does no damage.
Found a blue potion.
The jackal completely misses you.
Found Zatuw's Antique Armour Boutique.
Really quaff
f - a blue potion {!q}?
It was a potion of degeneration {!q}.
There was something very wrong with that liquid.
You feel weakened.
You feel dopey.
You feel clumsy. The jackal misses you.
Okay, then.
Really quaff
a - 2 murky silvery potions {!q}?
It was a potion of haste {!q}.
You feel yourself speed up. The jackal misses you.
Really quaff
e - a yellow potion {!q}?
It was a potion of might {!q}.
You feel very mighty all of a sudden. The jackal bites you.
You die...

##### ###########...#
#........#....# ###
#............o##...#
#........##......# .
######...##..o######!...
#...##..Shh@....8..
#......o.#####.....
#...#....# ∩.8
#...##.... . #...##...>
#......... #.#######.S
#.# #.###


You could see an orc wizard, an adder, an orc and 2 jackals.

Vanquished Creatures
  2 adders
  2 worms
  A dart slug (D:2)
  A leopard gecko (D:3)
  A bat (D:1)
  2 giant cockroaches
  2 goblins (D:3)
  2 jackals (D:4)
  A frilled lizard (D:1)
  2 rats
16 creatures vanquished.

Notes
Turn   | Place    | Note
-------+----------+-------------------------------------------
     0 | D:1      | Amnesiac the Felid Earth Elementalist began the quest for
                  | the Orb.
     0 | D:1      | Reached XP level 1. HP: 7/7 MP: 4/4
   146 | D:2      | Reached XP level 2. HP: 8/11 MP: 0/6
   150 | D:2      | Learned a level 2 spell: Passwall
   194 | D:2      | Found a glowing silver altar of Zin.
   551 | D:3      | Found a faded altar of an unknown god.
   768 | D:3      | Reached XP level 3. HP: 14/14 MP: 3/7
   789 | D:4      | Found a sacrificial altar of Ru.
   853 | D:4      | Noticed Duvessa
   859 | D:4      | Found a shimmering altar of Xom.
   859 | D:4      | Found a shimmering altar of Xom.
   872 | D:4      | Found a shimmering altar of Xom.
   927 | D:4      | Found Zatuw's Antique Armour Boutique.
   930 | D:4      | Slain by a jackal

Vault maps used:
D:1:      minmay_arrival_four_circles
D:2:      nicolae_overflow_crystal_walls
D:3:      cheibrodos_pilgrimage, old_standard_altar, marbit_many_paths,
          chequers_ecumenical_altar_simple_redux, okawaru_altar_gauntlet_db,
          uniq_natasha, uniq_jessica
D:4:      vehumet_statue, nicolae_ru_awakened_eye,
          lemuel_zombie_altar_yredelemnul, serial_shops,
          nicolae_shop_statue_plus, kennysheep_nondescript, xom_redecorated,
          uniq_duvessa

Skill      XL: |  1 |
---------------+----+-----
Stealth        | 3 |  3.4
Earth Magic    | 3 |  3.4
Dodging        | |  2.6
Spellcasting   | |  2.4
Transmutations | |  1.1

Action                   || total
-------------------------++-------
Melee: Unarmed           ||    60
       Bite              ||     5
 Cast: Sandblast         ||    15
       Passwall          ||     2
  Use: Potion            ||     3
 Stab: Sleeping          ||     3
  Eat: Chunk             ||     7
Armor: Skin              ||     3
Dodge: Dodged            ||    64

Table legend:
 A = Non-vault XP
 B = Vault XP
 C = Vault XP percentage of total XP
 D = Non-vault monster count
 E = Vault monster count
 F = Vault count percentage of total count
                 A         B        C        D         E       F
            +---------+---------+-------+---------+---------+-------
      Total |      60 |       0 |   0.0 |      16 |       0 |   0.0
            +---------+---------+-------+---------+---------+-------
        D:1 |       4 |       0 |   0.0 |       3 |       0 |   0.0
        D:2 |      25 |       0 |   0.0 |       5 |       0 |   0.0
        D:3 |      14 |       0 |   0.0 |       5 |       0 |   0.0
        D:4 |      17 |       0 |   0.0 |       3 |       0 |   0.0
            +---------+---------+-------+---------+---------+-------
